AoeStats
← DS_Kvothe

Arabia

510453240Analyzed
1v1 RM · 1d ago on Oct 1, 2026· 21m 30s· 2 players
Game mode
Random Map
Map size
Tiny (2 player)
Population
200
Speed
Normal
Resources
Standard
Victory
Conquest
Starting age
Dark Age
Ending age
Imperial Age
RankedLock teamsTeams togetherTeam positionsShared explorationLock speedFull tech treeHidden civsTurbo modeCheats
Victory
Defeat
🇦🇷 Ethiopians · Argentina
1847
+7
🇵🇪 Wu · Peru
1636
-7
DS_Kvothe
7:53 Loom
11:18 Feudal Age
12:08 Double-Bit Axe
13:19 Town Watch
15:38 Fletching
18:24 Castle Age
16:35 Gold Mining
17:48 Fletching
18:30 Forging
18:09 Horse Collar
19:12 Bodkin Arrow
DYN_BenderGC
13:12 Feudal Age
12:18 Loom
17:50 Castle Age
16:58 Scale Mail Armor
Connection lost

Rejoining the realm…

Still unreachable

The connection could not be restored.

Session expired

The server has moved on; the page needs a fresh start.